 Dungeon Crawl Stone Soup version 0.28-a0-1555-g9ae15a6949 (webtiles) character file.

Game seed: 3010377830925049304

140 riojii the Insei (level 5, 0/34 HPs)
             Began as an Octopode Transmuter on Jan 18, 2022.
             Slain by an orc wizard (3 damage)
             ... on level 4 of the Dungeon.
             The game lasted 00:04:22 (3266 turns).

riojii the Insei (Octopode Transmuter)              Turns: 3266, Time: 00:04:23

Health: 0/34       AC:  1    Str:  9    XL:     5   Next: 23%
Magic:  6/8        EV: 13    Int: 15    God:
Gold:   109        SH:  0    Dex: 15    Spells: 4/8 levels left

rFire   . . .      SeeInvis .     - Unarmed
rCold   . . .      Faith    .   (no shield)
rNeg    . . .      Spirit   .   (helmet restricted)
rPois   .          Reflect  .   h - amulet of the acrobat
rElec   .          Harm     .   g - ring of wizardry
rCorr   .          Rampage  .   (no ring)
Will    .....                   (no ring)
Stlth   ++........              (no ring)
HPRegen 0.11/turn               (no ring)
MPRegen 0.11/turn               (no ring)
                                (no ring)
                                (no ring)

@: confused
A: almost no armour, amphibious, 8 rings, camouflage 1, gelatinous body 1,
(nimble swimmer 1), tentacles
a: no special abilities


You were on level 4 of the Dungeon.
You visited 1 branch of the dungeon, and saw 4 of its levels.

You collected 109 gold pieces.

Inventory:

Jewellery
 f - a ring of ice
 g - a ring of wizardry (left tentacle)
 h - an amulet of the acrobat (around mantle)
Potions
 a - 2 potions of lignification
 b - a potion of curing {unknown}
 c - a potion of resistance
 d - a potion of mutation {unknown}
 e - a potion of brilliance {unknown}


   Skills:
 + Level 2.0 Fighting
 + Level 2.5 Dodging
 * Level 3.9 Unarmed Combat
 + Level 2.4 Spellcasting
 * Level 3.1 Transmutations
 - Level 1.2 Poison Magic


You had 4 spell levels left.
You knew the following spells:

 Your Spells              Type           Power      Damage    Failure   Level
a - Beastly Appendage     Tmut           22%        N/A       2%          1
b - Spider Form           Tmut/Pois      8%         N/A       11%         3

Your spell library contained the following spells:

 Spells                   Type           Power      Damage    Failure   Level
 Wereblood                Tmut           11%        N/A       3%          2
 Slow                     Hex            4%         N/A       9%          1
 Ice Form                 Ice/Tmut       6%         N/A       38%         4


Dungeon Overview and Level Annotations

Branches:
Dungeon (4/15)
 Temple: D:4-7

Altars:
Kikubaaqudgha

Shops:
D:3 *=

Annotations:
D:4 1 runed translucent door


Innate Abilities, Weirdness & Mutations

You cannot wear most types of armour.
You are amphibious.
You can wear up to eight rings at the same time.
Your skin changes colour to match your surroundings (Stealth+).
Your rubbery body absorbs attacks. (AC +1, EV +1)
((You are camouflaged when in or above water. (Stealth+)))
You have tentacles for arms and can constrict up to eight enemies at once.


Message History

Your transformation is almost over.
The orc barely misses you. The orc wizard misses you.
The orc wizard barely misses you.
You bump into the rock wall.
The orc wizard completely misses you. The orc misses you.
The orc wizard hits you but does no damage.
You barely miss the orc wizard. The orc completely misses you.
The orc wizard misses you.
The orc wizard hits you with a +0 dagger.
You hit the orc wizard but do no damage.
The orc wizard is poisoned.
The orc misses you.
The orc wizard hits you with a +0 dagger.
The orc wizard closely misses you.
You barely miss the orc. The orc wizard completely misses you.
The orc barely misses you.
The orc wizard hits you with a +0 dagger.
You bump into the rock wall.
The orc wizard hits you with a +0 dagger.
The orc closely misses you.
The orc wizard hits you with a +0 dagger.
You're too confused to move!
The orc wizard closely misses you. The orc hits you with a +0 hand axe.
The orc wizard misses you.
You hit the orc wizard but do no damage.
The orc wizard is poisoned.
The orc completely misses you. The orc wizard misses you.
The orc wizard hits you with a +0 dagger.
* * * LOW HITPOINT WARNING * * *
You hit the orc wizard but do no damage.
The orc hits you with a +0 hand axe.
* * * LOW HITPOINT WARNING * * *
The orc wizard hits you with a +0 dagger.
* * * LOW HITPOINT WARNING * * *
You barely miss the orc wizard.
The orc wizard is heavily wounded.
The orc wizard misses you. The orc wizard barely misses you.
The orc completely misses you.
You hit the orc but do no damage.
The orc is poisoned.
Your transformation has ended.
The orc wizard hits you with a +0 dagger.
You die...

..... ...# #....
....# .... ...# ..#
...## ##
#.###....##...
#.##.##....... .
#.....$....... ...
##.#..#oo......
.....#..#...@)......
#....<..##o......
#...#..## .......
........#.# .......
######....# ....##.
#..... ......
#...... ...#...
§#..........##..
≈.+....##..


You could see 2 orc wizards and an orc (very poisoned).

Vanquished Creatures
  An orc priest (D:4)
  5 adders
  An ufetubus (D:3)
  A worm (D:3)
  An orc (D:4)
  6 bats
  3 endoplasms
  3 giant cockroaches
  4 goblins
  4 hobgoblins
  A jackal (D:2)
  4 quokkas
  5 ball pythons
  2 frilled lizards (D:1)
  9 kobolds
  5 rats
55 creatures vanquished.

Vanquished Creatures (others)
  A plant (D:3)
1 creature vanquished.

Grand Total: 56 creatures vanquished

Notes
Turn   | Place    | Note
-------+----------+-------------------------------------------
     0 | D:1      | riojii the Octopode Transmuter began the quest for the Orb.
     0 | D:1      | Reached XP level 1. HP: 13/13 MP: 3/3
   249 | D:1      | Reached XP level 2. HP: 17/18 MP: 3/5
  1033 | D:1      | Reached XP level 3. HP: 22/23 MP: 4/6
  1309 | D:2      | Learned a level 3 spell: Spider Form
  1345 | D:2      | Found an ancient bone altar of Kikubaaqudgha.
  2135 | D:3      | Found Vegumm's General Store.
  2400 | D:3      | Found Faimidas's One-of-a-Kind Rings.
  2409 | D:3      | Reached XP level 4. HP: 27/28 MP: 5/7
  2588 | D:3      | Reached skill level 1 in Poison Magic
  2980 | D:3      | Found a faded altar of an unknown god.
  2991 | D:3      | Got Plato's Disquisition on Beguiling
  3235 | D:4      | Found a large runed translucent door.
  3251 | D:4      | Reached XP level 5. HP: 34/34 MP: 4/8
  3266 | D:4      | Slain by an orc wizard

Illustrated notes

Levels and vault maps discovered:
D:1:      minmay_arrival_checkered_box, layout_basic
D:2:      layout_basic, basic_altar, minmay_misc_feat_chi, minmay_hexomino_f4
D:3:      layout_basic, serial_shops, shop, shapermc_ecumenical_altar_rom_forum,
          nicolae_shop_unique_rings, kennysheep_cross_bottleneck
D:4:      layout_cave_pools, ebering_ghost_disaster_area, minmay_starry_boxes

Skill      XL: |  1  2  3  4 |
---------------+-------------+-----
Poison Magic   | 1 |  1.2
Transmutations | 3 |  3.1
Fighting       | 2 |  2.0
Dodging        | |  2.5
Unarmed Combat | |  3.9
Spellcasting   | |  2.4

Action                   |  1- 3 |  4- 6 || total
-------------------------+-------+-------++-------
Melee: Unarmed           |    72 |    44 ||   116
       Constrict         |    17 |     6 ||    23
       Kick              |    17 |     7 ||    24
       Tentacles         |    16 |     4 ||    20
       Punch             |     1 |     1 ||     2
 Cast: Beastly Appendage |    26 |     4 ||    30
       Spider Form       |       |     2 ||     2
  Use: Scroll            |     8 |       ||     8
 Stab: Sleeping          |     8 |     3 ||    11
Armor: Skin              |     7 |     3 ||    10
Dodge: Dodged            |    49 |    52 ||   101

Table legend: (Time is in decaauts)
 A = Elapsed time spent in this place.
 B = Non-inter-level travel time spent in this place.
 C = Inter-level travel time spent in this place.
 D = Time resting spent in this place.
 E = Time spent auto-exploring this place.
 F = Levels seen in this place.
 G = Mean time per level.
                   A        B        C        D        E       F      G
               +--------+--------+--------+--------+--------+-----+--------+
         Total |   3256 |   3170 |     86 |    127 |   2637 |   4 |  814.0 |
       Dungeon |   3256 |   3170 |     86 |    127 |   2637 |   4 |  814.0 |
               +--------+--------+--------+--------+--------+-----+--------+

Top non-repeatable levels by time:
     D:1: 1251 daAuts
     D:3: 1192 daAuts
     D:2: 783 daAuts
     D:4: 29 daAuts
